 Dungeon Crawl Stone Soup version 0.19-a0-1490-g5dd3618 (webtiles) character file.

1866 kae the Basher (level 8, -4/56 HPs)
             Began as a Demonspawn Gladiator on Sept 8, 2016.
             Was a Follower of Yredelemnul.
             Slain by an orc warrior
             ... wielding a +2 long sword of venom
              (15 damage)
             ... on level 6 of the Dungeon.
             The game lasted 00:14:45 (6333 turns).

kae the Basher (Demonspawn Gladiator)               Turns: 6333, Time: 00:14:46

Health: -4/56      AC: 14    Str: 15    XL:     8   Next: 90%
Magic:  10/10      EV: 12    Int: 11    God:    Yredelemnul [*.....]
Gold:   275        SH:  0    Dex: 15    Spells: 0 memorised, 7 levels left

rFire  . . .     SeeInvis .     a - +1 flail
rCold  . . .     Gourm    .     b - +1 leather armour
rNeg   . . .     Faith    .     (no shield)
rPois  .         Spirit   .     c - +0 helmet
rElec  .         Dismiss  .     (no cloak)
rCorr  .         Reflect  .     (no gloves)
MR     .....     Harm     .     (no boots)
Stlth  +.........               (no amulet)
                                (no ring)
                                (no ring)

@: lethally poisoned (-4 -> -43), sanguine armour, hasted, very quick
A: talons 2, powered by death 1, sanguine armour 2
a: Animate Remains, Renounce Religion


You were on level 6 of the Dungeon.
You worshipped Yredelemnul.
Yredelemnul was aware of your devotion.
You were very hungry.

You visited 2 branches of the dungeon, and saw 7 of its levels.

You collected 275 gold pieces.

Inventory:

Hand Weapons
 a - a +1 flail (weapon)
Missiles
 d - 3 throwing nets (quivered)
Armour
 b - a +1 leather armour (worn)
 c - a +0 helmet (worn)
Wands
 g - a wand of digging (7/24)
Scrolls
 h - 6 scrolls of identify
 i - a scroll of remove curse
 s - a scroll of enchant armour
 t - a scroll of amnesia
 v - a scroll of enchant weapon
 y - 2 scrolls of teleportation
Potions
 e - a potion of curing
 o - a potion of flight
 q - 3 potions of might
 w - a potion of heal wounds
 x - a potion of berserk rage
Comestibles
 f - 6 bread rations
 j - a slice of pizza
 k - 3 meat rations
 l - 2 royal jellies
 r - 6 fruits
 A - a beef jerky


   Skills:
 - Level 2.0 Fighting
 * Level 10.6 Maces & Flails
 - Level 1.7 Throwing
 - Level 2.6 Dodging
 + Level 2.9 Invocations


You had 7 spell levels left.
You didn't know any spells.

Dungeon Overview and Level Annotations

Branches:
Dungeon (6/15)             Temple (1/1) D:4

Altars:
Ashenzari
Cheibriados
Fedhas
Kikubaaqudgha
Makhleb
Okawaru
Qazlal
Ru
Sif Muna
Uskayaw
Vehumet
Xom
Yredelemnul
Zin
The Shining One

Shops:
D:4 [

Annotations:
D:4 Natasha; Soeti's ghost, amateur SpEn


Innate Abilities, Weirdness & Mutations

You have razor-sharp toenails.
You regenerate a little health from kills.
When seriously injured, your bleeding wounds create thick armour. (AC +9)


Message History

You claw the orc warrior, but do no damage.
The orc warrior is heavily wounded.
You feel very sick.
The orc warrior hits you with a long sword of venom.
You are more poisoned.
You barely miss the orc warrior.
The orc warrior is heavily wounded.
* * * LOW HITPOINT WARNING * * *
You feel very sick.
You are too injured to fight recklessly!
You are too injured to fight recklessly!
You are too injured to fight recklessly!
You are too injured to fight recklessly!
You are too injured to fight recklessly!
You feel yourself speed up.
* * * LOW HITPOINT WARNING * * *
You feel very sick.
The orc warrior hits you with a long sword of venom!
You die...
Your body rises from the dead as a mindless zombie.

#####################
....#.......#.......#
###.#.#####.#.#####.#
..#.#.#...#.#.#.@.#.#
#...#.#.#...#.#o#...#
#####.#.#####.#.#####
......#.......#.
################


You could see an orc warrior.

Vanquished Creatures
  The ghost of Amnesiac the Changer, an amateur OpTm (D:5)
  A sky beast (D:5)
  2 ogres
  A black bear (D:3)
  A centaur (D:5)
  2 phantoms (D:6)
  2 giant frogs
  3 scorpions
  4 crimson imps
  A quasit (D:5)
  3 hounds
  A giant frog skeleton (D:5)
  An orc priest (D:4)
  A centaur skeleton (D:4)
  An iguana (D:6)
  Jessica (D:3)
  Natasha (twice) (D:4)
  2 worker ants
  A killer bee zombie (D:6)
  A hound zombie (D:5)
  A hound skeleton (D:6)
  A worker ant zombie (D:5)
  4 gnolls (D:5)
  9 adders
  2 shadow imps
  2 oozes
  An adder skeleton (D:6)
  3 worms
  7 dart slugs
  6 giant geckos
  10 orcs
  2 bats (D:1)
  A bat zombie (D:5)
  3 giant cockroaches
  8 goblins
  3 hobgoblins
  5 jackals
  4 quokkas
  A ball python (D:2)
  A giant gecko zombie (D:5)
  7 giant newts
  4 kobolds
  6 rats
  3 rat zombies (D:5)
126 creatures vanquished.

Notes
Turn   | Place    | Note
-------+----------+-------------------------------------------
     0 | D:1      | kae the Demonspawn Gladiator began the quest for the Orb.
     0 | D:1      | Reached XP level 1. HP: 16/16 MP: 1/1
    70 | D:1      | Reached skill level 3 in Maces & Flails
   190 | D:1      | Gained mutation: You regenerate a little health from kills. [demonic ancestry]
   190 | D:1      | Reached XP level 2. HP: 18/22 MP: 2/2
   658 | D:2      | Gained mutation: You have sharp toenails. [demonic ancestry]
   658 | D:2      | Reached XP level 3. HP: 20/27 MP: 3/3
   853 | D:2      | Reached skill level 4 in Maces & Flails
  1106 | D:2      | Found a burning altar of Makhleb.
  1195 | D:2      | Gained mutation: When seriously injured, your bleeding wounds create armour. (AC +9) [demonic ancestry]
  1195 | D:2      | Reached XP level 4. HP: 15/33 MP: 4/4
  1367 | D:2      | Reached skill level 5 in Maces & Flails
  1937 | D:3      | Found a faded altar of an unknown god.
  1939 | D:3      | Gained mutation: When seriously injured, your bleeding wounds create thick armour. (AC +9) [demonic ancestry]
  1939 | D:3      | Reached XP level 5. HP: 35/38 MP: 5/5
  2080 | D:3      | Noticed Jessica
  2089 | D:3      | Killed Jessica
  2294 | D:3      | Noticed a black bear
  2300 | D:3      | Killed a black bear
  2300 | D:3      | Reached skill level 6 in Maces & Flails
  2300 | D:3      | Reached XP level 6. HP: 33/44 MP: 6/6
  2467 | D:4      | Noticed Natasha
  2477 | D:4      | Killed Natasha
  2496 | D:4      | Noticed Soeti's ghost (amateur SpEn)
  2647 | D:4      | Found a sacrificial altar of Ru.
  2749 | D:4      | Found Lellall's Armour Shoppe.
  2788 | D:4      | Noticed Natasha
  2808 | D:4      | Reached skill level 7 in Maces & Flails
  2812 | D:4      | Killed Natasha
  3102 | D:4      | Found a staircase to the Ecumenical Temple.
  3127 | D:4      | Noticed Natasha
  3128 | Temple   | Entered the Ecumenical Temple
  3325 | Temple   | Became a worshipper of Yredelemnul the Dark
  3764 | D:4      | Reached XP level 7. HP: 31/50 MP: 7/7
  3807 | D:5      | Entered Level 5 of the Dungeon
  4179 | D:5      | Noticed Amnesiac's ghost (amateur OpTm)
  4343 | D:5      | Reached skill level 8 in Maces & Flails
  4364 | D:5      | Killed Amnesiac's ghost
  4558 | D:5      | Found a hide-covered altar of Uskayaw.
  4612 | D:5      | Found an ancient bone altar of Kikubaaqudgha.
  4903 | D:5      | Reached skill level 9 in Maces & Flails
  4903 | D:5      | Gained mutation: You have razor-sharp toenails. [demonic ancestry]
  4903 | D:5      | Reached XP level 8. HP: 36/56 MP: 8/8
  5231 | D:6      | Reached * piety under Yredelemnul
  5761 | D:6      | Reached skill level 10 in Maces & Flails
  5835 | D:6      | Reached skill level 1 in Invocations
  6333 | D:6      | Slain by an orc warrior

Vault maps used:
D:1:      eino_arrival_water_cross, minmay_curled_crystal
D:2:      makhleb_blood_cavern_becter, first_bread, minmay_tromino_v2
D:3:      ecumenical_altar_1, uniq_jessica
D:4:      nicolae_ru_awakened_eye, serial_shops, nicolae_shop_statue_plus,
          uniq_natasha
D:5:      eat_drink_and_be_merry_uskayaw, lemuel_zombie_altar_kikubaaqudgha
D:6:      kennysheep_mini, patterned_corridor
Temple:   minmay_temple_curvy_loop

Skill      XL: |  1  2  3  4  5  6  7  8 |
---------------+-------------------------+-----
Maces & Flails | 3 4 5 6 7 9 10 | 10.6
Invocations    | 2 |  2.9
Fighting       | |  2.0
Throwing       | |  1.7
Dodging        | |  2.6

Action                   |  1- 3 |  4- 6 |  7- 9 || total
-------------------------+-------+-------+-------++-------
Melee: Flail             |   100 |   189 |   290 ||   579
       Kick              |    10 |    38 |    67 ||   115
  Use: Scroll            |     3 |    10 |     6 ||    19
       Potion            |       |     1 |     2 ||     3
 Stab: Sleeping          |     2 |       |       ||     2
  Eat: Chunk             |     1 |     9 |     7 ||    17
Armor: Leather armour    |    24 |    51 |   100 ||   175
Dodge: Dodged            |    79 |   118 |   146 ||   343
